 Dungeon Crawl Stone Soup version 0.14.2 (webtiles) character file.

4 Amnesiac the Charlatan (level 1, 0/10 HPs)
             Began as a Spriggan Artificer on Feb 4, 2018.
             Slain by an ooze (5 damage)
             ... on Level 1 of the Dungeon.
             The game lasted 00:00:23 (250 turns).

Amnesiac the Charlatan (Spriggan Artificer)          Turns: 250, Time: 00:00:23

HP   0/10        AC  2     Str  7      XL: 1   Next: 58%
MP   2/2         EV 18     Int 13      God:
Gold 0           SH  0     Dex 16      Spells:  0 memorised,  0 levels left

rFire  . . .     SeeInvis +     a - +0 short sword
rCold  . . .     Clarity  .     e - +0 robe
rNeg   . . .     Conserve .     (shield restricted)
rPois  .         rCorr    .     (helmet restricted)
rElec  .         rRot     .     (no cloak)
SustAb . .       Spirit   .     (gloves unavailable)
rMut   .         Warding  .     (boots unavailable)
Saprov . . .     Stasis   .     (no amulet)
MR     .....                    (no ring)
                                (no ring)

@: lethally poisoned, very quick, not resistant to hostile enchantments, fairly
stealthy
A: unfitting armour, see invisible, herbivore 3, speed 3, slow metabolism 2
a: no special abilities


You were on level 1 of the Dungeon.
You were not hungry.

You visited 1 branch of the dungeon, and saw 1 of its levels.

Inventory:

Hand weapons
 a - a +0,+0 short sword (weapon)
Armour
 e - a +0 robe (worn)
Magical devices
 b - a wand of flame (15)
 c - a wand of enslavement (15)
 d - a wand of random effects (15)
Comestibles
 g - a snozzcumber
 h - a meat ration
Jewellery
 j - an uncursed ring of poison resistance {unknown}
Potions
 f - a potion of porridge {!q}
 i - a potion of cure mutation {!q, unknown}


   Skills:
 - Level 1.1 Fighting
 + Level 1.4 Short Blades
 - Level 3.0 Dodging
 - Level 1.5 Stealth
 - Level 4.0 Evocations


You couldn't memorise any spells.
You didn't know any spells.

Dungeon Overview and Level Annotations

Branches:
Dungeon (1/15)

Altars:


Innate Abilities, Weirdness & Mutations

You are tiny and cannot use many weapons and most armour.
You have supernaturally acute eyesight.
You are a herbivore.
You cover ground extremely quickly.
You need consume almost no food.


Message History

You hit the giant cockroach but do no damage.
The giant cockroach is moderately wounded.
The giant cockroach misses you. The giant cockroach closely misses you.
You barely miss the giant cockroach.
The giant cockroach completely misses you.
You hit the giant cockroach but do no damage.
The giant cockroach barely misses you.
You hit the giant cockroach but do no damage.
The giant cockroach closely misses you.
You closely miss the giant cockroach. The giant cockroach bites you.
The giant cockroach completely misses you.
You hit the giant cockroach but do no damage.
The giant cockroach bites you.
You completely miss the giant cockroach.
The giant cockroach misses you.
You hit the giant cockroach but do no damage.
The giant cockroach closely misses you.
You barely miss the giant cockroach.
The giant cockroach bites you but does no damage.
The giant cockroach completely misses you.
You hit the giant cockroach.
The giant cockroach is severely wounded.
The giant cockroach closely misses you.
You hit the giant cockroach but do no damage.
The giant cockroach is moderately wounded.
The giant cockroach barely misses you.
You barely miss the giant cockroach.
The giant cockroach is moderately wounded.
The giant cockroach misses you.
You hit the giant cockroach.
You kill the giant cockroach!
No target in view!
You see here a giant cockroach corpse.
No target in view!
Found a stone staircase leading down.
No target in view!
You start resting.
HP restored.
j - a ruby ring A rat comes into view.
A rat is nearby!
You hit the rat.
You kill the rat!
No target in view!
No target in view!
An ooze, a giant cockroach and a kobold come into view.
There are monsters nearby!
There are monsters nearby!
You hit the giant cockroach.
The giant cockroach is moderately wounded.
The giant cockroach closely misses you.
You hit the giant cockroach.
You kill the giant cockroach!
The kobold shouts!
You closely miss the kobold.
The kobold hits you with a runed short sword.
You barely miss the kobold. The kobold hits you but does no damage.
You are lethally poisoned!
You hit the ooze.
The ooze is lightly wounded.
* * * LOW HITPOINT WARNING * * *
You feel sick. The kobold misses you. The ooze hits you.
Ouch! That really hurt!
You die...

#.# ... #.# ###+##..
........# ........#
........#####+###+######
..........%..............
...^...J@..........######
.....$.K######.#####
....... #.# ####+## #.#
#.# #.# #.# #.#


You could see an ooze and a kobold.

Vanquished Creatures
  A kobold (D:1)
  A bat (D:1)
  2 giant cockroaches (D:1)
  A rat (D:1)
5 creatures vanquished.

Notes
Turn   | Place    | Note
--------------------------------------------------------------
     0 | D:1      | Amnesiac, the Spriggan Artificer, began the quest for the Orb.
     0 | D:1      | Reached XP level 1. HP: 9/9 MP: 2/2
    57 | D:1      | Reached skill level 1 in Fighting
   250 | D:1      | Slain by an ooze

Action                   || total
-------------------------++-------
Melee: Short sword       ||    24
